 Dungeon Crawl Stone Soup version 0.31-a0-1068-g5939ac1fb6 (webtiles) character file.

Game seed: 499695086682436130

17 Maratek the Slasher (level 2, 2/2 (25) HPs)
             Began as a Draconian Reaver on Nov 23, 2023.
             Quit the game on level 1 of the Dungeon.
             The game lasted 00:01:19 (812 turns).

Maratek the Slasher (Draconian Reaver)               Turns: 812, Time: 00:01:19

HP:   2/2 (25)      AC:  4    Str: 14    XL:     2   Next: 44%
MP:   5/5           EV: 12    Int: 13    God:
Gold: 22            SH:  0    Dex:  9    Spells: 4/5 levels left

rFire   . . .        a - +0 falchion
rCold   . . .        (no shield)
rNeg    . . .        (body armour unavailable)
rPois   .            (helmet restricted)
rElec   .            (no cloak)
rCorr   .            (no gloves)
SInv    .            (no boots)
Will    .....        (no amulet)
Stlth   +            (no ring)
HPRegen 0.20/turn    (no ring)
MPRegen 0.09/turn

%: no passive effects
@: extremely drained
A: AC +4, unfitting armour, cold-blooded
a: no special abilities


You were on level 1 of the Dungeon.
You visited 1 branch of the dungeon, and saw 1 of its levels.

You collected 22 gold pieces.

Inventory:

Hand Weapons
 a - a +0 falchion (weapon)
Jewellery
 e - a +5 ring of evasion
Scrolls
 b - 2 scrolls of identify {unknown}
 c - a scroll of enchant weapon {unknown}
 f - a scroll of poison {unknown}
Potions
 d - a potion of curing {unknown}


   Skills:
 + Level 2.4 Fighting
 + Level 3.1 Long Blades
 + Level 2.0 Dodging
 + Level 2.2 Spellcasting
 + Level 3.1 Conjurations


You had 4 spell levels left.
You knew the following spells:

 Your Spells              Type           Power      Damage    Failure   Level
a - Kiss of Death         Conj/Necr      20%        2d7       13%         1

Your spell library contained the following spells:

 Spells                   Type           Power      Damage    Failure   Level
 Momentum Strike          Conj/Tloc      10%        3d8       21%         2
 Hailstorm                Conj/Ice       5%         3d4       36%         3


Dungeon Overview and Level Annotations

Branches:
Dungeon (1/15)

Altars:


Innate Abilities, Weirdness & Mutations

Your plain brown scales are hard. (AC +4)
You cannot fit into any form of body armour.
You are cold-blooded and may be slowed by cold attacks.


Message History

The kobold shouts!
The kobold misses you.
You hit the kobold but do no damage.
Your tail-slap misses the kobold.
The kobold misses you.
The negative energy hits the kobold.
The kobold is drained!
You kill the kobold!
You feel drained.
Things that are here:
a +0 dagger; a kobold corpse You now have 22 gold pieces (gained 14).
An endoplasm comes into view.
Found a scroll labelled OGENIO GEBB.
You hit the endoplasm.
You kill the endoplasm!
You can't see any susceptible monsters within range! (Use Z to cast anyway.)
A giant cockroach comes into view.
A giant cockroach is nearby!
A giant cockroach is nearby!
The giant cockroach barely misses you.
You see here a scroll labelled OGENIO GEBB.
The negative energy hits the giant cockroach.
The giant cockroach is drained!
You kill the giant cockroach!
You feel drained.
f - a scroll labelled OGENIO GEBB You see here a giant cockroach corpse.
A bat comes into view.
The bat hits you but does no damage.
A bat is nearby!
You closely miss the bat. The bat closely misses you.
The bat hits you but does no damage. The bat closely misses you.
You hit the bat.
You kill the bat!
You can't see any susceptible monsters within range! (Use Z to cast anyway.)
You see here a bat corpse.
You see here a bat corpse.
Done exploring.
Done exploring.
Done exploring.
Are you sure you want to abandon this character and quit the game? (Confirm with "yes".)

....#...................#........
....#......#.....................
............................#....
...>.#............#..............
.........................##.#....
...###.....#.#....#.........#....
.†..##...#...#....#......##.#....
.............####.#......##......
....##.##.......@.#......####....
...##........###..#...........#..
###..........###.........###.....
...............##........# #.....
...............##..#..#.## #.....
......................#.####.....
.......###.......................
.....)...........................
.....####.................)......


There were no monsters in sight!

Vanquished Creatures
  A dart slug (D:1)
  2 endoplasms (D:1)
  2 giant cockroaches (D:1)
  A goblin (D:1)
  2 hobgoblins (D:1)
  3 kobolds (D:1)
  2 bats (D:1)
  A rat (D:1)
14 creatures vanquished.

Notes
Turn   | Place    | Note
-------+----------+-------------------------------------------
     0 | D:1      | Maratek the Draconian Reaver began the quest for the Orb.
     0 | D:1      | Reached XP level 1. HP: 17/17 MP: 3/3
    16 | D:1      | Found a faded altar of an unknown god.
   303 | D:1      | Reached XP level 2. HP: 21/22 MP: 5/5
   812 | D:1      | Quit the game

Illustrated notes

Levels and vault maps discovered:
D:1:      evilmike_arrival_hilbert_curve, layout_basic,
          shapermc_ecumenical_altar_pompeii

Skill      XL: |  1  2 |
---------------+-------+-----
Dodging        | 2 |  2.0
Fighting       | |  2.4
Long Blades    | |  3.1
Spellcasting   | |  2.2
Conjurations   | |  3.1

Action                     || total
---------------------------++-------
  Melee: Falchion          ||    19
         Tailslap          ||     1
   Cast: Kiss of Death     ||     9
 Armour: Skin              ||    17
  Dodge: Dodged            ||    18

Table legend: (Time is in decaauts)
 A = Elapsed time spent in this place.
 B = Non-inter-level travel time spent in this place.
 C = Inter-level travel time spent in this place.
 D = Time resting spent in this place.
 E = Time spent auto-exploring this place.
 F = Levels seen in this place.
 G = Mean time per level.
                   A        B        C        D        E       F      G
               +--------+--------+--------+--------+--------+-----+--------+
         Total |    815 |    815 |      0 |      0 |    715 |   1 |  815.0 |
       Dungeon |    815 |    815 |      0 |      0 |    715 |   1 |  815.0 |
               +--------+--------+--------+--------+--------+-----+--------+

Top non-repeatable levels by time:
     D:1: 815 daAuts
